 Dungeon Crawl Stone Soup version 0.23-a0-405-g368ce00 (webtiles) character file.

174 EvilAliv3 the Skirmisher (level 5, -5/46 HPs)
             Began as a Demonspawn Wanderer on Nov 6, 2018.
             Slain by Grinder (7 damage)
             ... while paralysed by Grinder
             ... on level 2 of the Dungeon.
             The game lasted 00:21:07 (3084 turns).

EvilAliv3 the Skirmisher (Demonspawn Wanderer)      Turns: 3084, Time: 00:21:08

Health: -5/46      AC:  5    Str: 12    XL:     5   Next: 28%
Magic:  5/5        EV:  2    Int: 15    God:
Gold:   43         SH:  0    Dex: 12    Spells: 4/4 levels left

rFire    . . .     SeeInvis .     - Unarmed
rCold    . . .     Gourm    .   a - +0 buckler
rNeg     . . .     Faith    .   n - +0 ring mail
rPois    .         Spirit   .   (no helmet)
rElec    .         Reflect  .   (no cloak)
rCorr    .         Harm     .   (no gloves)
MR       .....                  (no boots)
Stlth    +.........             (no amulet)
HPRegen  0.15/turn              (no ring)
MPRegen  0.09/turn              (no ring)

@: paralysed
A: claws 2, repulsion field 1
a: no special abilities


You were on level 2 of the Dungeon.
You were not hungry.

You visited 1 branch of the dungeon, and saw 3 of its levels.

You collected 43 gold pieces.

Inventory:

Hand Weapons
 b - a +2 blowgun
Missiles
 i - a curare-tipped needle
 p - a poisoned needle
Armour
 a - a +0 buckler (worn)
 n - a +0 ring mail (worn)
Scrolls
 c - 2 scrolls of teleportation
 d - a scroll of fog {unknown}
 h - 3 scrolls of remove curse {unknown}
 k - a scroll of amnesia {unknown}
 l - 2 scrolls of immolation {unknown}
 o - 2 scrolls of magic mapping {unknown}
Potions
 g - 3 potions of curing
 m - a potion of mutation {unknown}
Comestibles
 f - 3 rations
 j - a chunk of flesh


   Skills:
 + Level 5.7 Fighting
   Level 1.0 Polearms
 - Level 1.0 Throwing
 + Level 2.1 Armour
 + Level 2.5 Dodging
 - Level 1.0 Stealth
 + Level 1.4 Shields
 * Level 1.2 Unarmed Combat


You had 4 spell levels left.
You didn't know any spells.
Your spell library was empty.

Dungeon Overview and Level Annotations

Branches:
Dungeon (3/15)

Altars:
Elyvilon
Vehumet

Annotations:
D:2 Grinder
D:3 Purgy


Innate Abilities, Weirdness & Mutations

You have very sharp fingernails.
You are surrounded by a mild repulsion field. (EV +2)


Message History

Grinder gestures at you. Pain shoots through your body!
You scratch Grinder.
Grinder is almost dead.
Grinder hits you.
You writhe in agony.
* * * LOW HITPOINT WARNING * * *
You scratch Grinder.
Grinder is almost dead.
Grinder gestures at you.
You suddenly lose the ability to move!
Grinder hits you.
* * * LOW HITPOINT WARNING * * *
You writhe in agony.
* * * LOW HITPOINT WARNING * * *
Grinder gestures at you. You resist with significant effort.
Grinder blinks! x3
Grinder says, "Mostly I couldn't keep them alive."
Grinder hits you!
You die...

#.##..............>##.....
##.#..########.####.##.....
#....## ##..# #.##.....
##...#######..## #........
#.#..#.....ยง### ###...###
#.##.#.####...## ##.....
###.##...###.....## #.....
##........##.......# #.....
#.[..####.##@......# ###.##
###)..## #..5.......# #.##
##....## ####......## #.##
#..##.# ##.....## #...
#.###.# #.......# #### ##.#
#.# #.......### # #..###.##
#.........###### #
#.......##
##.....##......###
######...#####
##...########..##


You could see Grinder.

Vanquished Creatures
  A hound zombie (D:3)
  6 adders (D:2)
  A gnoll (D:3)
  2 oozes (D:1)
  4 dart slugs
  4 worms
  3 leopard geckos
  4 giant cockroaches (D:2)
  8 goblins
  5 hobgoblins
  4 jackals
  6 kobolds
  A quokka (D:2)
  2 ball pythons
  3 bats
  5 frilled lizards
  10 rats
69 creatures vanquished.

Notes
Turn   | Place    | Note
-------+----------+-------------------------------------------
     0 | D:1      | EvilAliv3 the Demonspawn Wanderer began the quest for the
                  | Orb.
     0 | D:1      | EvilAliv3 set off with the following items: a curare-tipped
                  | needle, a +2 blowgun, a scroll of teleportation, a +0
                  | spear, a +0 robe, a ration
     0 | D:1      | Reached XP level 1. HP: 21/21 MP: 1/1
   150 | D:1      | Gained mutation: You have sharp fingernails. [demonic
                  | ancestry]
   150 | D:1      | Reached XP level 2. HP: 21/27 MP: 2/2
   298 | D:1      | Reached skill level 1 in Armour
   511 | D:1      | Reached XP level 3. HP: 32/33 MP: 3/3
  1310 | D:2      | Gained mutation: You have very sharp fingernails. [demonic
                  | ancestry]
  1310 | D:2      | Reached XP level 4. HP: 36/39 MP: 4/4
  1321 | D:2      | Found a radiant altar of Vehumet.
  1641 | D:2      | Found a white marble altar of Elyvilon.
  2567 | D:3      | Reached skill level 1 in Unarmed Combat
  2603 | D:3      | Gained mutation: You are surrounded by a mild repulsion
                  | field. (EV +2) [demonic ancestry]
  2603 | D:3      | Reached XP level 5. HP: 45/45 MP: 5/5
  2909 | D:3      | Noticed Grinder
  2991 | D:3      | Noticed Purgy
  3069 | D:2      | HP: 1/46 [Grinder (2)]
  3078 | D:2      | Paralysed by Grinder for 6 turns
  3079 | D:2      | HP: 1/46 [Grinder (6)]
  3084 | D:2      | Slain by Grinder

Vault maps used:
D:1:      ncdulo_halloftheorcs
D:2:      elyvilon_altar_3, lemuel_crystal_altar, kennysheep_generic_room_11
D:3:      uniq_purgy, uniq_grinder

Skill      XL: |  1  2  3  4 |
---------------+-------------+-----
Armour         | 1 2 |  2.1
Dodging        | 2 |  2.5
Unarmed Combat | 1 |  1.2
Fighting       | |  5.7
Polearms       | |  1.0
Throwing       | |  1.0
Stealth        | |  1.0
Shields        | |  1.4

Action                   |  1- 3 |  4- 6 || total
-------------------------+-------+-------++-------
Melee: Spear             |   122 |       ||   122
       Unarmed           |       |   188 ||   188
 Fire: Blowgun           |    23 |    24 ||    47
  Use: Potion            |       |     3 ||     3
 Stab: Sleeping          |     4 |       ||     4
  Eat: Chunk             |     1 |     6 ||     7
Armor: Robe              |     6 |    14 ||    20
       Ring mail         |       |    40 ||    40
Dodge: Dodged            |    45 |   136 ||   181
Block: Buckler           |       |    27 ||    27

Table legend:
 A = Non-vault XP
 B = Vault XP
 C = Vault XP percentage of total XP
 D = Non-vault monster count
 E = Vault monster count
 F = Vault count percentage of total count
                 A         B        C        D         E       F
            +---------+---------+-------+---------+---------+-------
      Total |     244 |       5 |   2.0 |      68 |       1 |   1.4
            +---------+---------+-------+---------+---------+-------
        D:1 |      62 |       0 |   0.0 |      27 |       0 |   0.0
        D:2 |     125 |       5 |   3.8 |      29 |       1 |   3.3
        D:3 |      57 |       0 |   0.0 |      12 |       0 |   0.0
            +---------+---------+-------+---------+---------+-------
